 Dungeon Crawl Stone Soup version 0.29-a0-1006-g0dd7720b37 (webtiles) character file.

Game seed: 10854236578715408392

970 gelatine the Chopper (level 7, -8/53 HPs)
             Began as a Demonspawn Gladiator on Aug 6, 2022.
             Shot with an arrow by a centaur (13 damage)
             ... on level 5 of the Dungeon.
             The game lasted 00:14:08 (4026 turns).

gelatine the Chopper (Demonspawn Gladiator)         Turns: 4026, Time: 00:14:08

Health: -8/53      AC:  3    Str: 21    XL:     7   Next: 94%
Magic:  8/8        EV: 13    Int: 14    God:
Gold:   1299       SH:  0    Dex: 14    Spells: 5/7 levels left

rFire   . . .      SeeInvis .   a - +0 war axe
rCold   . . .      Faith    .   (no shield)
rNeg    . . .      Spirit   .   u - +0 leather armour of the Desert {Regen+ Str+5}
rPois   .          Reflect  .   (helmet restricted)
rElec   .          Harm     .   (no cloak)
rCorr   .          Rampage  .   (no gloves)
Will    .....                   (no boots)
Stlth   +.........              (no amulet)
HPRegen 0.97/turn               g - ring of flight
MPRegen 0.22/turn               (no ring)

@: flying
A: antennae 1, demonic guardian 1, magic regeneration, big brain 2
a: no special abilities


You were on level 5 of the Dungeon.
You visited 1 branch of the dungeon, and saw 5 of its levels.

You collected 1494 gold pieces.
You spent 195 gold pieces at shops.

Inventory:

Hand Weapons
 a - a +0 war axe (weapon)
 s - a +0 broad axe
 y - a +0 vorpal trident
Missiles
 d - 3 throwing nets
 e - a javelin
 h - 8 poisoned darts (quivered)
 v - 3 atropa-tipped darts
Armour
 u - the +0 leather armour of the Desert (worn) {Regen+ Str+5}
   (You found it on level 3 of the Dungeon)

   Str:       It affects your strength (+5).
   Regen:     It increases your rate of health regeneration.
Magical Staves
 x - a staff of poison
Jewellery
 g - a ring of flight (left hand)
 i - an amulet of the acrobat
 t - an amulet of magic regeneration
Scrolls
 b - 2 scrolls of immolation
 c - 2 scrolls of teleportation
 f - a scroll of blinking
 k - a scroll of amnesia
 l - a scroll of noise
 m - a scroll of enchant armour
 n - a scroll of fear
 p - a scroll of enchant weapon {unknown}
 q - a scroll of magic mapping {unknown}
 w - a scroll of identify
 z - a scroll of vulnerability {unknown}
Potions
 j - 2 potions of mutation
 o - a potion of haste
 r - a potion of degeneration {unknown}


   Skills:
 + Level 3.8 Fighting
 + Level 6.2 Axes
 + Level 2.2 Throwing
 + Level 3.3 Armour
 + Level 3.8 Dodging
 + Level 1.1 Stealth
 + Level 0.9 Spellcasting
 + Level 0.9 Hexes
 + Level 0.6 Ice Magic


You had 5 spell levels left.
You knew the following spells:

 Your Spells              Type           Power      Damage    Failure   Level
a - Ensorcelled Hibernat  Hex/Ice        4%         N/A       32%         2

Your spell library contained the following spells:

 Spells                   Type           Power      Damage    Failure   Level
 Spider Form              Tmut/Pois      0%         N/A       67%         3
 Anguish                  Hex/Necr       0%         N/A       94%         4


Dungeon Overview and Level Annotations

Branches:
Dungeon (5/15)
 Temple: D:4-7

Altars:

Shops:
D:4 ?


Innate Abilities, Weirdness & Mutations

You have a pair of small antennae on your head.
A weak demonic guardian rushes to your aid.
You regenerate magic rapidly.
You have an extremely huge brain. (Int +4)


Message History

The scorpion is moderately wounded.
The scorpion closely misses you.
You hit the scorpion but do no damage.
The scorpion is moderately wounded.
The scorpion barely misses you. The scorpion stings you.
You are poisoned.
The scorpion poisons you!
You closely miss the scorpion.
The scorpion is moderately wounded.
You feel very sick. The scorpion stings you.
You hit the scorpion but do no damage.
The scorpion is moderately wounded.
You feel sick. The scorpion closely misses you. The scorpion barely misses you.
You barely miss the scorpion.
The scorpion is moderately wounded.
You feel sick. The scorpion stings you!
You slash the scorpion!
The scorpion is almost dead.
You feel sick. The scorpion barely misses you.
You hit the scorpion.
You kill the scorpion!
You feel sick.
You feel sick.
You see here a scorpion corpse.
You feel sick.
You feel sick.
You are no longer poisoned.
You now have 1299 gold pieces (gained 7).
A centaur comes into view.
Found 12 gold pieces.
The centaur shouts!
The centaur wields a +0 shortbow.
The centaur shoots an arrow.
The arrow hits you!
The centaur shoots an arrow.
The arrow hits you!
A demonic guardian appears!
The centaur shoots an arrow.
The arrow hits you!
The centaur shoots an arrow.
The arrow hits you!
* * * LOW HITPOINT WARNING * * *
The centaur shoots an arrow.
The arrow hits you!
You die...

### . #.# ######### ...
#.. #.......# #.# #..
#.......# #.######..
###.......#####.##......
.......................#
...c...@.5###.......#..#
...$......###..........#
..........#.......†#...#
...####.###........##...
#... ##.###............#
#...
.....[.<.....#####.# ...
#.......#...## #.. ..
##.......#...# #..
#>#.......#.#.#.# #..


You could see a centaur (ally target) and a friendly shadow imp (summoned).

Vanquished Creatures
  Sigmund (D:4)
  An ice beast (D:5)
  2 phantoms (D:5)
  3 scorpions
  2 hounds (D:5)
  An orc priest (D:5)
  A jelly (D:5)
  An iguana (D:5)
  2 orc wizards (D:5)
  5 adders
  2 worms
  3 dart slugs
  9 orcs
  5 bats
  4 endoplasms
  4 giant cockroaches
  3 goblins
  3 hobgoblins
  8 jackals
  3 quokkas
  5 ball pythons
  A frilled lizard (D:3)
  6 kobolds
  5 rats
80 creatures vanquished.

Vanquished Creatures (collateral kills)
  An orc priest (D:5)
  An orc wizard (D:5)
  An adder (D:5)
  An orc (D:5)
4 creatures vanquished.

Vanquished Creatures (others)
  A withered plant (D:1)
1 creature vanquished.

Grand Total: 85 creatures vanquished

Notes
Turn   | Place    | Note
-------+----------+-------------------------------------------
     0 | D:1      | gelatine the Demonspawn Gladiator began the quest for the
                  | Orb.
     0 | D:1      | Reached XP level 1. HP: 16/16 MP: 1/1
   215 | D:1      | Gained mutation: You regenerate magic rapidly. [demonic
                  | ancestry]
   215 | D:1      | Reached XP level 2. HP: 20/22 MP: 2/2
   218 | D:1      | Reached skill level 3 in Axes
  1034 | D:1      | Found a faded altar of an unknown god.
  1238 | D:2      | Gained mutation: You have a pair of small antennae on your
                  | head. [demonic ancestry]
  1238 | D:2      | Reached XP level 3. HP: 22/27 MP: 3/3
  1436 | D:2      | Reached skill level 1 in Armour
  2205 | D:3      | Identified the +0 leather armour of the Desert {Regen+
                  | Str+5}
  2345 | D:3      | Reached XP level 4. HP: 33/34 MP: 4/4
  2481 | D:3      | Learned a level 2 spell: Ensorcelled Hibernation
  3039 | D:4      | Found Daacoahuyl's Magic Scroll Boutique.
  3042 | D:4      | Bought a scroll of identify for 20 gold pieces
  3042 | D:4      | Bought a scroll of identify for 20 gold pieces
  3042 | D:4      | Bought a scroll of identify for 20 gold pieces
  3045 | D:4      | Identified a scroll of acquirement
  3045 | D:4      | Acquired 1117 gold pieces
  3069 | D:4      | Bought a scroll of blinking for 75 gold pieces
  3069 | D:4      | Bought a scroll of identify for 20 gold pieces
  3069 | D:4      | Bought a scroll of identify for 20 gold pieces
  3069 | D:4      | Bought a scroll of identify for 20 gold pieces
  3092 | D:4      | Noticed a scorpion
  3103 | D:4      | Killed a scorpion
  3104 | D:4      | Reached skill level 4 in Axes
  3104 | D:4      | Gained mutation: You have an unusually large brain. (Int
                  | +2) [demonic ancestry]
  3104 | D:4      | Reached XP level 5. HP: 9/39 MP: 5/5
  3237 | D:4      | Noticed Sigmund
  3250 | D:4      | Killed Sigmund
  3251 | D:4      | Gained mutation: You have an extremely huge brain. (Int +4)
                  | [demonic ancestry]
  3251 | D:4      | Reached XP level 6. HP: 35/46 MP: 6/6
  3424 | D:4      | You are sucked into a shaft and drop 1 floor!
  3424 | D:5      | Entered Level 5 of the Dungeon
  3447 | D:5      | Reached skill level 5 in Axes
  3691 | D:5      | Gained mutation: A weak demonic guardian rushes to your
                  | aid. [demonic ancestry]
  3691 | D:5      | Reached XP level 7. HP: 51/52 MP: 7/7
  3854 | D:5      | Reached skill level 1 in Stealth
  3914 | D:5      | Reached skill level 6 in Axes
  4026 | D:5      | Shot with an arrow by a centaur

Illustrated notes

Levels and vault maps discovered:
D:1:      beargit_arrival_greenhouse, layout_loops_corners,
          ebering_ecumenical_altar_petrified
D:2:      layout_basic
D:3:      layout_rooms, serial_aquarium, aquarium_bridge_square
          [aquarium_subvault_window, aquarium_subvault_balcony,
          aquarium_subvault_bridge, aquarium_subvault_window],
          aquarium_bridge_straight [aquarium_subvault_bridge,
          aquarium_subvault_window, aquarium_subvault_bridge,
          aquarium_subvault_window], aquarium_window_2, aquarium_window_2,
          aquarium_window_corner, aquarium_view_4, aquarium_pool_2
D:4:      layout_loops_ring, serial_shops, nicolae_shop_behind_doors,
          uniq_sigmund
D:5:      layout_rooms

Skill      XL: |  1  2  3  4  5  6  7 |
---------------+----------------------+-----
Axes           | 3 4 5 6 |  6.2
Dodging        | 3 |  3.8
Armour         | 1 2 3 |  3.3
Fighting       | 3 |  3.8
Throwing       | 2 |  2.2
Stealth        | 1 |  1.1
Spellcasting   | |  0.9
Hexes          | |  0.9
Ice Magic      | |  0.6

Action                   |  1- 3 |  4- 6 |  7- 9 || total
-------------------------+-------+-------+-------++-------
Melee: War axe           |   113 |    88 |    63 ||   264
       Punch             |     1 |     4 |       ||     5
Throw: Throwing net      |     1 |     4 |       ||     5
       Javelin           |       |     1 |       ||     1
       Dart              |       |       |     6 ||     6
 Cast: Ensorcelled Hiber |       |       |     5 ||     5
  Use: Scroll            |       |    11 |       ||    11
       Potion            |       |     3 |       ||     3
 Stab: Sleeping          |       |     1 |       ||     1
       Distracted        |       |       |     1 ||     1
Armor: Leather armour    |    22 |    25 |     8 ||    55
       Ring mail         |    25 |       |       ||    25
Dodge: Dodged            |   143 |    53 |    40 ||   236

Table legend: (Time is in decaauts)
 A = Elapsed time spent in this place.
 B = Non-inter-level travel time spent in this place.
 C = Inter-level travel time spent in this place.
 D = Time resting spent in this place.
 E = Time spent auto-exploring this place.
 F = Levels seen in this place.
 G = Mean time per level.
                   A        B        C        D        E       F      G
               +--------+--------+--------+--------+--------+-----+--------+
         Total |   4101 |   3856 |    245 |      0 |   2908 |   5 |  820.2 |
       Dungeon |   4101 |   3856 |    245 |      0 |   2908 |   5 |  820.2 |
               +--------+--------+--------+--------+--------+-----+--------+

Top non-repeatable levels by time:
     D:1: 1112 daAuts
     D:2: 908 daAuts
     D:3: 833 daAuts
     D:4: 749 daAuts
     D:5: 497 daAuts
